 Dungeon Crawl Stone Soup version 0.30-a0-4-ga7cffc901d (webtiles) character file.

Game seed: 9308543997391430835

925 frimble the Cutter (level 7, 0/51 HPs)
             Began as a Demonspawn Earth Elementalist on Aug 21, 2022.
             Was a Follower of Cheibriados.
             Killed by divine providence
             ... invoked by an orc priest
              (11 damage)
             ... on level 6 of the Dungeon.
             The game lasted 00:05:19 (5993 turns).

frimble the Cutter (Demonspawn Earth Elementalist)  Turns: 5993, Time: 00:05:19

Health: 0/51       AC:  5    Str: 11    XL:     7   Next: 84%
Magic:  10/10      EV: 16    Int: 18    God:    Cheibriados [*.....]
Gold:   280        SH:  0    Dex: 17    Spells: 9/10 levels left

rFire   . . .      SeeInvis .    c - +0 short sword
rCold   . . .      Faith    .    (no shield)
rNeg    . . .      Spirit   .    a - +0 robe
rPois   .          Reflect  .    (no helmet)
rElec   .          Harm     .    A - +0 cloak {rCorr}
rCorr   +          Rampage  .    (no gloves)
Will    .....                    (no boots)
Stlth   ++........               (no amulet)
HPRegen 0.17/turn                k - +4 ring of evasion
MPRegen 0.12/turn                d - ring of wizardry

@: very slow
A: thin metallic scales 1, powered by pain 1, demonic magic 1, weakness stinger
1
a: Renounce Religion, Bend Time


You were on level 6 of the Dungeon.
You worshipped Cheibriados.
Cheibriados was aware of your devotion.
You visited 1 branch of the dungeon, and saw 6 of its levels.

You collected 280 gold pieces.

Inventory:

Hand Weapons
 c - a +0 short sword (weapon)
 s - a +0 rapier of protection
Armour
 a - a +0 robe (worn)
 r - the +7 plate armour of Uskayaw's Grace {*Slow rF++ rCorr Dex+2}
   (You found it on level 2 of the Dungeon)

   Dex:       It affects your dexterity (+2).
   rF:        It greatly protects you from fire.
   rCorr:     It protects you from acid and corrosion.
   *Slow:     It may slow you when you take damage.
 A - a +0 cloak of preservation (worn)
Jewellery
 d - a ring of wizardry (right hand)
 k - a +4 ring of evasion (left hand)
 l - a ring of poison resistance
 x - an amulet of faith
 y - a ring of see invisible
Scrolls
 f - 2 scrolls of fog
 g - 3 scrolls of teleportation
 n - a scroll of acquirement {unknown}
 o - a scroll of summoning
 q - a scroll of enchant armour
 u - a scroll of enchant weapon
 z - a scroll of vulnerability
Potions
 b - 2 potions of magic
 e - 3 potions of lignification {unknown}
 h - a potion of resistance {unknown}
 i - 5 potions of curing {unknown}
 j - a potion of attraction {unknown}
 m - 2 potions of heal wounds {unknown}
 p - a potion of berserk rage {unknown}
 t - 2 potions of might {unknown}
 v - a potion of ambrosia
 w - a potion of haste {unknown}


   Skills:
 - Level 2.4 Fighting
 + Level 5.7 Short Blades
 - Level 1.8 Dodging
 + Level 3.2 Stealth
 - Level 2.0 Spellcasting
 - Level 4.3 Transmutations
 - Level 2.7 Earth Magic


You had 9 spell levels left.
You knew the following spells:

 Your Spells              Type           Power      Damage    Failure   Level
a - Sandblast             Erth           22%        2d7       2%          1

Your spell library contained the following spells:

 Spells                   Type           Power      Damage    Failure   Level
 Passwall                 Tmut/Erth      11%        N/A       2%          2
 Foxfire                  Conj/Fire      4%         2x1d4     8%          1
 Poisonous Vapours        Pois/Air       2%         N/A       11%         2
 Static Discharge         Conj/Air       1%         3-4/arc   11%         2
 Stone Arrow              Conj/Erth      12%        3d7       12%         3
 Petrify                  Tmut/Erth      14%        N/A       16%         4
 Conjure Flame            Conj/Fire      1%         6-21      21%         3
 Inner Flame              Hex/Fire       1%         N/A       21%         3
 Corpse Rot               Necr/Pois/Air  1%         N/A       54%         4
 Flame Wave               Conj/Fire      1%         2d4       54%         4
 Lightning Bolt           Conj/Air       0%         1d11      86%         5
 Maxwell's Capacitive Co  Air            0%         ∞         100%        8


Dungeon Overview and Level Annotations

Branches:
Dungeon (6/15)
 Temple: D:4-7

Altars:
Ashenzari
Cheibriados
Dithmenos
Hepliaklqana
Nemelex Xobeh
Sif Muna
Xom

Shops:
D:1 =

Annotations:
D:3 3 runed translucent doors, Setbun's ghost, amateur KoBr
D:4 2 transporters, Setbun's ghost, amateur KoEn


Innate Abilities, Weirdness & Mutations

You are partially covered in thin metallic scales. (AC +2)
You sometimes gain a little power by taking damage.
Spells you cast may paralyse adjacent enemies.
You have a small tail.


Message History

Aiming: Sandblast (safe; 2% risk of failure)
Press: ? - help, Q - select action, (/) - cycle Shift-Dir - straight line, f - orc wizard
Aim: an orc wizard, wielding a +0 dagger and wearing a +0 robe (77% to hit)
The blast of sand hits the orc wizard.
The orc wizard is moderately wounded.
Malevolent energies surge around you.
The orc suddenly stops moving!
The orc wizard barely misses you.
The helpless orc fails to defend itself.
You impale the orc!!
You kill the orc!
The orc wizard hits you but does no damage.
The orc priest mumbles some strange prayers to Beogh against you.
Beogh smites you!
Aiming: Sandblast (safe; 2% risk of failure)
Press: ? - help, Q - select action, (/) - cycle Shift-Dir - straight line, f/p - orc wizard
Aim: an orc wizard, wielding a +0 dagger and wearing a +0 robe (moderately wounded, 77% to hit)
The blast of sand hits the orc wizard but does no damage.
The orc wizard is moderately wounded.
Malevolent energies surge around you.
The orc wizard suddenly stops moving!
The orc priest calls upon Beogh to heal the orc wizard.
The orc wizard's wounds heal themselves!
You hear a shout!
The helpless orc wizard fails to defend itself.
You impale the orc wizard!!
You kill the orc wizard!
The orc priest invokes the aid of Beogh against you.
Beogh smites you!
Aiming: Sandblast (safe; 2% risk of failure)
Press: ? - help, Q - select action, (/) - cycle Shift-Dir - straight line, f - orc priest
Aim: an orc priest, wielding a +0 whip (82% to hit)
The blast of sand hits the orc priest!
The orc priest is severely wounded.
Malevolent energies surge around you.
The orc priest mumbles some strange prayers to Beogh against you.
Beogh smites you!
* * * LOW HITPOINT WARNING * * *
You focus on the pain.
You feel your power returning.
The orc priest calls down the wrath of Beogh upon you.
Beogh smites you!
You die...

*,,,,,***,,,,,,,,,,,,****,,,,,,,,
,,,,,,,,,......,,,,,,* **,,,,,,,
*****,,,,......,,,,,,* *,,*,,,,
**,**,......#,,,,,* ***,,,,,,*
**,,,**.......,,,,.###.,...),**
***,*,,**#......,,,,.....**...***
*,,***,,*#....o.####...#****..#**
,,** **,,#.....oo.#....# **..##
*,** **,*#.....@......#* ##....
*,,** **,....####...##..## #..#..
*,,,***,,.....**#..##*#..###.##..
,,*,,,,,*,,*#..##.## *#.....##..
,***,,,**,,**#....### #.....##..
,,***,***,** #......####..#.....#
*,,**,**,,***#...##..##..##...###
**,,,,,*,,,*#....###.........##
**,,,,,***+*##.........###....###


You could see 2 orc priests and an orc.

Vanquished Creatures
  A sky beast (D:6)
  A phantom (D:4)
  3 scorpions
  A necrophage (D:4)
  2 jellies
  2 orc priests
  2 hounds (D:5)
  Crazy Yiuf (D:5)
  3 iguanas
  2 orc wizards
  7 adders
  A white imp (D:6)
  3 ufetubi
  17 orcs
  5 ball pythons
  7 bats
  6 endoplasms
  3 giant cockroaches
  8 goblins
  4 hobgoblins
  3 jackals (D:2)
  6 quokkas
  4 frilled lizards
  7 kobolds
  8 rats
107 creatures vanquished.

Notes
Turn   | Place    | Note
-------+----------+-------------------------------------------
     0 | D:1      | frimble the Demonspawn Earth Elementalist began the quest
                  | for the Orb.
     0 | D:1      | Reached XP level 1. HP: 13/13 MP: 3/3
   128 | D:1      | Found Heppa's Jewellery Shoppe.
   287 | D:1      | Reached skill level 1 in Short Blades
   436 | D:1      | Gained mutation: Spells you cast may paralyse adjacent
                  | enemies. [demonic ancestry]
   436 | D:1      | Reached XP level 2. HP: 19/19 MP: 5/5
   551 | D:1      | Reached skill level 1 in Transmutations
  1327 | D:2      | Gained mutation: You have a small tail. [demonic ancestry]
  1327 | D:2      | Reached XP level 3. HP: 21/24 MP: 4/6
  1365 | D:2      | Reached skill level 2 in Short Blades
  1682 | D:2      | Identified the +7 plate armour of Uskayaw's Grace {*Slow
                  | rF++ rCorr Dex+2}
  2150 | D:3      | Gained mutation: You are partially covered in thin metallic
                  | scales. (AC +2) [demonic ancestry]
  2150 | D:3      | Reached XP level 4. HP: 30/30 MP: 5/7
  2307 | D:3      | Reached skill level 3 in Short Blades
  2307 | D:3      | Reached XP level 5. HP: 32/35 MP: 5/8
  2430 | D:3      | Found a runed translucent gate.
  2430 | D:3      | Found a runed translucent gate.
  2433 | D:3      | Found a runed translucent gate.
  2438 | D:3      | Noticed Setbun's ghost (amateur KoBr)
  2773 | D:3      | Found a broken altar of Ashenzari.
  2926 | D:3      | Found a shimmering blue altar of Sif Muna.
  2927 | D:3      | Found a snail-covered altar of Cheibriados.
  2940 | D:3      | Became a worshipper of Cheibriados the Contemplative
  3256 | D:4      | Gained mutation: You sometimes gain a little power by
                  | taking damage. [demonic ancestry]
  3256 | D:4      | Reached XP level 6. HP: 31/41 MP: 5/9
  3338 | D:4      | Reached skill level 4 in Short Blades
  3697 | D:4      | Noticed Setbun's ghost (amateur KoEn)
  3699 | D:4      | Found a transporter.
  3702 | D:4      | Found a transporter.
  4008 | D:5      | Entered Level 5 of the Dungeon
  4069 | D:5      | Reached skill level 1 in Fighting
  4299 | D:5      | Reached XP level 7. HP: 39/48 MP: 10/10
  4369 | D:5      | Found a shadowy altar of Dithmenos.
  4372 | D:5      | Noticed a shadow
  4374 | D:5      | Found a hazy altar of Hepliaklqana.
  4452 | D:5      | Found a sparkling altar of Nemelex Xobeh.
  4829 | D:5      | Reached skill level 5 in Short Blades
  4948 | D:5      | Reached * piety under Cheibriados
  5328 | D:5      | Found a shimmering altar of Xom.
  5436 | D:5      | Found a runed translucent door.
  5437 | D:5      | Noticed Crazy Yiuf
  5522 | D:5      | Killed Crazy Yiuf
  5993 | D:6      | Killed from afar by an orc priest

Illustrated notes

Levels and vault maps discovered:
D:1:      minmay_arrival_five_plusses, layout_basic, serial_shops, shop,
          columned_hall_lemuel, minmay_box_of_dots
D:2:      layout_rooms, chequers_serial_rivers_room_a, nrook_uturn
D:3:      layout_loops_ring, chequers_temple_overflow_statue_of_worship,
          gammafunk_ghost_split, grunt_ministairs_6
D:4:      wander_river, layout_basic, gammafunk_ghost_arena, abandoned_shop,
          minmay_liquid_box, serial_bayou_pond_c
D:5:      layout_basic, lemuel_coloured_pillars_altar,
          riverfiend_overflow_shadow_ancestor,
          mainiacjoe_overflow_six_doors_small, uniq_crazy_yiuf_cottage
D:6:      layout_layer_cave, nicolae_vehumet_altar_sigil,
          nicolae_concentric_dashed_squares_wild, lightli_orcish_oven

Skill      XL: |  1  2  3  4  5  6  7 |
---------------+----------------------+-----
Short Blades   | 1 2 3 4 5 |  5.7
Transmutations | 1 2 3 4 |  4.3
Fighting       | 1 2 |  2.4
Stealth        | 3 |  3.2
Dodging        | |  1.8
Spellcasting   | |  2.0
Earth Magic    | |  2.7

Action                   |  1- 3 |  4- 6 |  7- 9 || total
-------------------------+-------+-------+-------++-------
Melee: Short sword       |    83 |   146 |    83 ||   312
       Tailslap          |     2 |    24 |    10 ||    36
       Punch             |       |       |     1 ||     1
 Cast: Sandblast         |    25 |    37 |    21 ||    83
  Use: Scroll            |       |     6 |     3 ||     9
 Stab: Sleeping          |     6 |     1 |     2 ||     9
       Paralysed         |     4 |    20 |     8 ||    32
       Distracted        |       |     1 |       ||     1
Armor: Robe              |    11 |    20 |    17 ||    48
Dodge: Dodged            |    82 |   135 |    87 ||   304

Table legend: (Time is in decaauts)
 A = Elapsed time spent in this place.
 B = Non-inter-level travel time spent in this place.
 C = Inter-level travel time spent in this place.
 D = Time resting spent in this place.
 E = Time spent auto-exploring this place.
 F = Levels seen in this place.
 G = Mean time per level.
                   A        B        C        D        E       F      G
               +--------+--------+--------+--------+--------+-----+--------+
         Total |   6570 |   6399 |    171 |      0 |   5506 |   6 | 1095.0 |
       Dungeon |   6570 |   6399 |    171 |      0 |   5506 |   6 | 1095.0 |
               +--------+--------+--------+--------+--------+-----+--------+

Top non-repeatable levels by time:
     D:5: 1821 daAuts
     D:1: 1256 daAuts
     D:4: 1075 daAuts
     D:3: 1030 daAuts
     D:2: 895 daAuts
     D:6: 491 daAuts
